 Dungeon Crawl Stone Soup version 0.31.0-32-g396128a36d (webtiles) character file.

Game seed: 8407367633139918194

101 firemarshallily the Covered (level 4, -3/40 HPs)
             Began as an Armataur Fighter on Mar 19, 2024.
             Slain by a sky beast (6 damage)
             ... on level 3 of the Dungeon.
             The game lasted 00:04:32 (1860 turns).

firemarshallily the Covered (Armataur Fighter)      Turns: 1860, Time: 00:04:33

Health: -3/40      AC:  8    Str: 24    XL:     4   Next: 48%
Magic:  4/4        EV:  7    Int:  8    God:
Gold:   176        SH:  4    Dex:  9    Spells: 3/3 levels left

rFire   . . .        a - +0 flail
rCold   . . .        c - +0 buckler
rNeg    . . .        b - +0 scale mail
rPois   +            v - +0 helmet
rElec   .            i - scarf {repulsion}
rCorr   .            (no gloves)
SInv    .            (no barding)
Will    .....        (no amulet) Stlth
                     u - ring of poison resistance
HPRegen 0.26/turn    f - ring of flight
MPRegen 0.09/turn

%: repel missiles, roll
@: flying
A: large, deformed body, tough skin 3, armoured tail, roll 1
a: no special abilities


You were on level 3 of the Dungeon.
You visited 1 branch of the dungeon, and saw 3 of its levels.

You collected 176 gold pieces.

Inventory:

Hand Weapons
 a - a +0 flail (weapon)
Missiles
 p - 2 poisoned darts (quivered)
Armour
 b - a +0 scale mail (worn)
 c - a +0 buckler (worn)
 i - a scarf of repulsion (worn)
 v - a +0 helmet (worn)
Jewellery
 f - a ring of flight (right hand)
 u - a ring of poison resistance (left hand)
Scrolls
 h - 3 scrolls of identify {unknown}
 j - a scroll of teleportation {unknown}
 k - a scroll of acquirement {unknown}
 l - a scroll of summoning {unknown}
 n - 2 scrolls of fear {unknown}
 s - a scroll of fog {unknown}
Potions
 d - a potion of might
 e - a potion of degeneration {unknown}
 m - a potion of ambrosia {unknown}
 o - 2 potions of mutation {unknown}
 q - a potion of attraction {unknown}
 r - a potion of lignification {unknown}
 t - a potion of cancellation {unknown}
 w - a potion of invisibility {unknown}


   Skills:
 * Level 3.7 Fighting
 + Level 2.4 Maces & Flails
 + Level 4.3 Armour
 + Level 3.9 Shields


You had 3 spell levels left.
You didn't know any spells.
Your spell library was empty.

Dungeon Overview and Level Annotations

Branches:
Dungeon (3/15)

Altars:
Nemelex Xobeh
Qazlal


Innate Abilities, Weirdness & Mutations

Armour fits poorly on your strangely shaped body.
You have extremely tough skin. (AC +3)
You have a long armoured tail.
You regenerate magic when rolling toward enemies. (Rampage MPRegen)


Message History

A sky beast appears from thin air!
Reactivating autopickup.
The sky beast hits you but does no damage.
You closely miss the sky beast.
The sky beast is heavily wounded.
The sky beast hits you but does no damage.
You closely miss the sky beast.
The sky beast is heavily wounded.
The sky beast closely misses you.
You hit the sky beast.
The sky beast is heavily wounded.
The sky beast hits you but does no damage.
The sky beast barely misses you.
You hit the sky beast but do no damage.
Your tail-slap misses the sky beast.
The sky beast is heavily wounded.
The sky beast hits you.
* * * LOW HITPOINT WARNING * * *
The sky beast shocks you.
* * * LOW HITPOINT WARNING * * *
You feel better.
The sky beast flickers out of sight!
Deactivating autopickup; reactivate with Ctrl-A.
Something completely misses you.
You miss something. Something hits you but does no damage.
You miss something.
Something hits you but does no damage. x2
You miss something. Something hits you.
* * * LOW HITPOINT WARNING * * *
Something shocks you.
* * * LOW HITPOINT WARNING * * *
You hit something but do no damage. Something hits you but does no damage.
You barely miss something.
Your tail-slap misses something.
You block something's attack. Something hits you but does no damage.
You closely miss something. Something hits you but does no damage.
You barely miss something.
Your tail-slap misses something.
Something hits you but does no damage.
You barely miss something. You block something's attack.
Something hits you but does no damage.
You miss something. Something hits you.
* * * LOW HITPOINT WARNING * * *
Something shocks you.
You die...

#.#.......##.
#.##......⌠#
#..##..._..#
##...##....⌠#
#...8.##...##.8 .
#......#####.....
#................
#..............
#######@####.####
#.{........
##....#.#.
##..#...#
#.#.....#
#...._...
#.#.....#
#..#...#. ...
#.#..


There were no monsters in sight!

Vanquished Creatures
  4 adders (D:2)
  2 ribbon worms
  A dart slug (D:2)
  5 endoplasms
  2 giant cockroaches
  6 goblins
  4 hobgoblins
  3 jackals (D:2)
  3 quokkas
  7 ball pythons
  4 bats
  2 frilled lizards (D:2)
  7 kobolds
  3 rats (D:2)
53 creatures vanquished.

Notes
Turn   | Place    | Note
-------+----------+-------------------------------------------
     0 | D:1      | firemarshallily the Armataur Fighter began the quest for
                  | the Orb.
     0 | D:1      | Reached XP level 1. HP: 18/18 MP: 1/1
   302 | D:1      | Reached XP level 2. HP: 22/25 MP: 2/2
   505 | D:1      | Found a faded altar of an unknown god.
   770 | D:2      | Reached skill level 4 in Armour
   863 | D:2      | Reached XP level 3. HP: 31/31 MP: 3/3
  1091 | D:2      | Reached XP level 4. HP: 25/38 MP: 4/4
  1804 | D:3      | Found a faded altar of an unknown god.
  1809 | D:3      | Found a sparkling altar of Nemelex Xobeh.
  1830 | D:3      | Found a stormy altar of Qazlal.
  1830 | D:3      | Noticed a sky beast
  1860 | D:3      | Slain by a sky beast

Illustrated notes

Levels and vault maps discovered:
D:1:      beargit_arrival_greenhouse, layout_basic,
          hellmonk_ecumenical_altar_prayer_group, st_stairs_14,
          grunt_decor_resistance, minmay_shallow_snake_nest
D:2:      layout_loops_corners, grunt_decor_one_mirror,
          minmay_randomly_rotated_circles
D:3:      layout_basic, nicolae_overflow_ecumenical_swirl,
          nicolae_qazlal_beasts_of_the_sky, solitary_fountain

Skill      XL: |  1  2 |
---------------+-------+-----
Fighting       | 3 |  3.7
Maces & Flails | 2 |  2.4
Armour         | 4 |  4.3
Shields        | |  3.9

Action                     |  1- 3 |  4- 6 || total
---------------------------+-------+-------++-------
  Melee: Flail             |    95 |    84 ||   179
         Tailslap          |    11 |     6 ||    17
    Use: Potion            |       |     2 ||     2
 Armour: Scale mail        |    83 |    64 ||   147
  Dodge: Dodged            |    29 |    30 ||    59
         Repelled          |     1 |     1 ||     2
  Block: Buckler           |    23 |    19 ||    42
